[Event "Jiraskuv memorial A"]
[Site "Rakovnik"]
[Date "2011.08.07"]
[Round "2"]
[White "Kozak, Milos"]
[Black "Slanec, Jan"]
[Result "0-1"]
[ECO "A41"]
[WhiteElo "2232"]
[BlackElo "1913"]
[PlyCount "78"]
[EventDate "2011.08.??"]
[EventType "swiss"]
[EventRounds "9"]
[EventCountry "CZE"]
[TimeControl "240+2"]

{1056MB, Fritz8.ctg} 1. c4 d6 2. d4 f5 3. Nc3 g6 4. Nf3 Bg7 5. g3 e6 6. Bg2 Ne7
7. O-O Nd7 8. e4 O-O 9. exf5 Nxf5 10. Bg5 Nf6 11. Ne4 h6 12. Bxf6 Bxf6 13.
Nxf6+ Qxf6 14. Qd2 g5 15. Rad1 Bd7 16. Ne1 Rab8 17. f4 g4 18. Nc2 b6 19. Rfe1
Rbe8 20. Ne3 h5 21. Be4 c6 22. b4 Re7 23. Bc2 h4 24. Nxf5 exf5 25. Rxe7 Qxe7
26. Re1 Qf6 27. c5 Rd8 28. cxd6 Qxd6 29. Re5 Rf8 30. gxh4 Qf6 31. Bb3+ Kh7 32.
Qe1 Kh6 33. Be6 Be8 34. Bxf5 Bf7 35. a3 Rg8 36. Be6 g3 37. Bxf7 gxh2+ 38. Kxh2
Qxf4+ 39. Kh1 Qf3+ 0-1

[Event "Jiraskuv memorial A"]
[Site "Rakovnik"]
[Date "2011.08.07"]
[Round "2"]
[White "Cap, Adam"]
[Black "Janda, Pavel"]
[Result "1-0"]
[ECO "A30"]
[WhiteElo "1924"]
[BlackElo "2011"]
[PlyCount "81"]
[EventDate "2011.08.??"]
[EventType "swiss"]
[EventRounds "9"]
[EventCountry "CZE"]
[TimeControl "240+2"]

{1056MB, Fritz8.ctg} 1. Nf3 Nf6 2. g3 b6 3. Bg2 Bb7 4. O-O c5 5. c4 g6 6. b3
Bg7 7. Bb2 O-O 8. Nc3 e6 9. e3 d5 10. cxd5 exd5 11. d4 Nc6 12. Rc1 Rc8 13. dxc5
bxc5 14. Na4 Ba6 15. Re1 c4 16. Bh3 Nb4 17. Bxc8 Qxc8 18. Ba3 Nd3 19. Bxf8 Qxf8
20. Nd4 Qd6 21. Nc3 Nd7 22. Rb1 Nxe1 23. Qxe1 Nc5 24. Qd1 Nd3 25. Qf3 cxb3 26.
Rxb3 Bc4 27. Rb7 Ne5 28. Qd1 Qa3 29. Rb8+ Bf8 30. Qc2 Kg7 31. Qb2 Qd6 32. Rb7
Qf6 33. Rxa7 Bc5 34. Rb7 Nf3+ 35. Nxf3 Qxf3 36. Na4+ Kh6 37. Nxc5 d4 38. e4 f5
39. Qc1+ g5 40. Qxc4 Qxe4 41. Qe6+ 1-0

[Event "Jiraskuv memorial A"]
[Site "Rakovnik"]
[Date "2011.08.07"]
[Round "2"]
[White "Hlavac, Rudolf"]
[Black "Gaj, Milos"]
[Result "0-1"]
[ECO "B53"]
[WhiteElo "2064"]
[BlackElo "1973"]
[PlyCount "98"]
[EventDate "2011.08.??"]
[EventType "swiss"]
[EventRounds "9"]
[EventCountry "CZE"]
[TimeControl "240+2"]

{1056MB, Fritz8.ctg} 1. e4 c5 2. Nf3 d6 3. d4 cxd4 4. Qxd4 Nc6 5. Bb5 Bd7 6.
Bxc6 Bxc6 7. c4 Nf6 8. Nc3 g6 9. O-O Bg7 10. Qd3 O-O 11. Nd4 Qd7 12. h3 b6 13.
b3 Qb7 14. Re1 Nd7 15. Bb2 Nc5 16. Qe3 a5 17. Rad1 a4 18. Nxc6 Qxc6 19. Nd5
Rfe8 20. Bxg7 Kxg7 21. e5 axb3 22. exd6 Qxd6 23. Qc3+ e5 24. axb3 Ra3 25. Rb1
f6 26. Qb4 Ra6 27. Red1 Qc6 28. Qe1 Ra7 29. Qe3 Ra3 30. Nb4 Qb7 31. Rd6 Re6 32.
Rd5 Re7 33. Nc2 Ra2 34. Qc3 Ne6 35. Rd6 Nf4 36. Qf3 Qxf3 37. gxf3 Rxc2 38. Rxb6
Nxh3+ 39. Kg2 Nf4+ 40. Kg3 h5 41. Rc6 Ra7 42. b4 Raa2 43. Rf1 g5 44. b5 h4+ 45.
Kh2 Rxf2+ 46. Rxf2 Rxf2+ 47. Kh1 h3 48. b6 Nh5 49. b7 Ng3+ 0-1

[Event "Jiraskuv memorial A"]
[Site "Rakovnik"]
[Date "2011.08.07"]
[Round "2"]
[White "Rozsafny, Michal"]
[Black "Trnka, Miroslav"]
[Result "1-0"]
[ECO "B06"]
[WhiteElo "1943"]
[BlackElo "2012"]
[PlyCount "95"]
[EventDate "2011.08.??"]
[EventType "swiss"]
[EventRounds "9"]
[EventCountry "CZE"]
[TimeControl "240+2"]

{1056MB, Fritz8.ctg} 1. e4 g6 2. f4 Bg7 3. Nf3 d6 4. Bc4 Nf6 5. d3 d5 6. exd5
Nxd5 7. O-O O-O 8. c3 c5 9. Qe2 Nc6 10. Ne5 Na5 11. Nd2 b6 12. Bb3 Nxb3 13.
axb3 Qc7 14. Ndc4 Be6 15. Bd2 Rfd8 16. Rae1 b5 17. Na3 b4 18. Nac4 Rab8 19. Rb1
Rb7 20. g4 Nf6 21. f5 Bd5 22. Bf4 Qc8 23. Na5 Rb6 24. c4 Ba8 25. fxg6 hxg6 26.
g5 Nh5 27. Nxf7 Nxf4 28. Rxf4 Bd4+ 29. Rxd4 Rxd4 30. Nh6+ Kf8 31. Qf2+ Ke8 32.
Re1 Rg4+ 33. Nxg4 Qxg4+ 34. Qg3 Qxg3+ 35. hxg3 Ra6 36. Ra1 Kd7 37. d4 Kd6 38.
d5 Kc7 39. Re1 Rxa5 40. Rxe7+ Kd8 41. Re6 Ra1+ 42. Kh2 Rb1 43. Rxg6 Rxb2+ 44.
Kh3 Bb7 45. Rg8+ Kc7 46. g6 Re2 47. g7 Re7 48. d6+ 1-0

[Event "Jiraskuv memorial A"]
[Site "Rakovnik"]
[Date "2011.08.07"]
[Round "2"]
[White "Prochazka, Petr"]
[Black "Urban, Tomas"]
[Result "1-0"]
[ECO "B45"]
[WhiteElo "2008"]
[BlackElo "1822"]
[PlyCount "67"]
[EventDate "2011.08.??"]
[EventType "swiss"]
[EventRounds "9"]
[EventCountry "CZE"]
[TimeControl "240+2"]

{1056MB, Fritz8.ctg} 1. e4 e6 2. d4 c5 3. Nf3 cxd4 4. Nxd4 Nc6 5. Nc3 Nf6 6.
Ndb5 d5 7. exd5 exd5 8. Bf4 Bb4 9. Nc7+ Kf8 10. Nxa8 Ne4 11. Qf3 g5 12. Bg3 g4
13. Qd3 Qg5 14. Kd1 Bf5 15. Nxe4 Bxe4 16. Qe3 Qf6 17. c3 Kg7 18. Nc7 Rd8 19.
Qf4 Bxc3 20. bxc3 Qxc3 21. Rc1 Qd4+ 22. Qd2 Qa4+ 23. Ke1 a6 24. h3 Rc8 25. hxg4
f6 26. Ne6+ Kf7 27. Nc5 Qa3 28. Nxe4 Re8 29. Rxh7+ Kg8 30. Qh6 Rxe4+ 31. Be2
Rxe2+ 32. Kxe2 Nd4+ 33. Kf1 Qd3+ 34. Kg1 1-0

[Event "Jiraskuv memorial A"]
[Site "Rakovnik"]
[Date "2011.08.07"]
[Round "2"]
[White "Krasny, Drahomir"]
[Black "Cozl, David"]
[Result "0-1"]
[ECO "B12"]
[WhiteElo "1897"]
[BlackElo "1982"]
[PlyCount "102"]
[EventDate "2011.08.??"]
[EventType "swiss"]
[EventRounds "9"]
[EventCountry "CZE"]
[TimeControl "240+2"]

{1056MB, Fritz8.ctg} 1. e4 c6 2. d4 d5 3. e5 Bf5 4. Bd3 Bxd3 5. Qxd3 e6 6. Nf3
Ne7 7. Nbd2 Nf5 8. Nb3 Nd7 9. O-O Be7 10. h3 O-O 11. g4 Nh4 12. Nxh4 Bxh4 13.
Bf4 Rc8 14. Bg3 c5 15. dxc5 Bxg3 16. Qxg3 Nxc5 17. Nxc5 Rxc5 18. c3 Qb6 19. Qe3
Rb5 20. Qxb6 Rxb6 21. Rab1 Rc8 22. Rfd1 Rc4 23. f3 h5 24. Kf2 Kh7 25. Ke3 Kh6
26. Rdc1 Ra4 27. a3 Kg5 28. Rg1 g6 29. h4+ Kh6 30. g5+ Kg7 31. f4 Rb3 32. Rgd1
Kf8 33. Rd4 Raxa3 34. Kd3 Ra6 35. Kc2 Rb5 36. Rbd1 Rab6 37. Rb1 Rc6 38. Ra1 a5
39. Raa4 Ke7 40. b3 Kd7 41. Kb2 Kc7 42. Kc2 Rbc5 43. Rd3 Ra6 44. Kb2 b5 45. Ra1
a4 46. b4 Rc4 47. Rf1 Rac6 48. Re3 d4 49. cxd4 Rxb4+ 50. Ka3 Rxd4 51. Rb1 Kb6
0-1

[Event "Jiraskuv memorial A"]
[Site "Rakovnik"]
[Date "2011.08.07"]
[Round "2"]
[White "Stransky, Vojtech"]
[Black "Novak, Jindrich"]
[Result "0-1"]
[ECO "C44"]
[WhiteElo "1843"]
[BlackElo "2059"]
[PlyCount "92"]
[EventDate "2011.08.??"]
[EventType "swiss"]
[EventRounds "9"]
[EventCountry "CZE"]
[TimeControl "240+2"]

{1056MB, Fritz8.ctg} 1. e4 e5 2. d4 Nc6 3. Nf3 d6 4. dxe5 dxe5 5. Qxd8+ Kxd8 6.
Nc3 Bd6 7. Bc4 Be6 8. Bxe6 fxe6 9. Bg5+ Nf6 10. O-O-O Ke7 11. Rd2 Rhb8 12. Rhd1
b5 13. Ne1 h6 14. Bxf6+ gxf6 15. Nd3 a5 16. Nxb5 Rxb5 17. c4 Rb7 18. c5 Rc8 19.
Kb1 Nd4 20. f4 Nb5 21. Rc1 exf4 22. cxd6+ Nxd6 23. e5 fxe5 24. Nxe5 Rb5 25.
Ng6+ Kd7 26. Nxf4 Rcb8 27. Rdc2 Ne8 28. Rd1+ Ke7 29. Re2 Ng7 30. Nd5+ Kf7 31.
Nxc7 R5b6 32. Rf1+ Kg6 33. Rfe1 Kf7 34. Rf1+ Kg6 35. Rfe1 Kh7 36. b3 a4 37.
Nxe6 axb3 38. a3 Nf5 39. Nf4 Ra6 40. Re8 Rxe8 41. Rxe8 Rxa3 42. Kb2 Ra4 43. Ne2
Rb4 44. Re6 Nh4 45. Nc1 Nf5 46. Nxb3 Rxb3+ 0-1

[Event "Jiraskuv memorial A"]
[Site "Rakovnik"]
[Date "2011.08.06"]
[Round "2"]
[White "Misicko, Jan"]
[Black "Klement, Lukas"]
[Result "0-1"]
[ECO "A16"]
[WhiteElo "2042"]
[BlackElo "2234"]
[PlyCount "112"]
[EventDate "2011.08.??"]
[EventType "swiss"]
[EventRounds "9"]
[EventCountry "CZE"]
[TimeControl "240+2"]

{16MB, Fritz8.ctg, SACHY-67D9C7985} 1. c4 Nf6 2. Nc3 g6 3. g3 Bg7 4. Bg2 O-O 5.
e4 d6 6. Nge2 c5 7. O-O Nc6 8. h3 a6 9. d3 Rb8 10. a4 Bd7 11. Be3 Ne8 12. d4
cxd4 13. Nxd4 Nf6 14. Qd2 Nxd4 15. Bxd4 Qc8 16. e5 dxe5 17. Bxe5 Ne4 18. Nxe4
Bxe5 19. Kh2 Bc6 20. Qe2 Rd8 21. Ra2 a5 22. b3 Bd4 23. Rd2 Qe6 24. Rfd1 Bb6 25.
Nc3 Qxe2 26. Rxe2 Rxd1 27. Nxd1 Rd8 28. Nc3 e6 29. Rc2 Rd3 30. Ne4 Rxb3 31. c5
Bc7 32. Nf6+ Kf8 33. Nxh7+ Ke7 34. Bxc6 bxc6 35. Rc4 Rb4 36. Rc2 f6 37. Kg2 Rd4
38. g4 g5 39. f3 Kf7 40. Re2 e5 41. Rb2 Kg7 42. Rb7 Rd7 43. Nxg5 fxg5 44. Ra7
Kf7 45. Ra6 Rd2+ 46. Kf1 Ke7 47. Rxc6 Kd7 48. Rg6 Bd8 49. Ke1 Rd4 50. Ke2 Rxa4
51. Rd6+ Kc7 52. Re6 Rd4 53. Rxe5 Kc6 54. Ke3 Rd1 55. f4 gxf4+ 56. Ke2 Rh1 0-1

[Event "Jiraskuv memorial A"]
[Site "Rakovnik"]
[Date "2011.08.07"]
[Round "2"]
[White "Haman, Jakub"]
[Black "Kotrba, Matej"]
[Result "1/2-1/2"]
[ECO "B02"]
[WhiteElo "2146"]
[BlackElo "1949"]
[PlyCount "113"]
[EventDate "2011.08.??"]
[EventType "swiss"]
[EventRounds "9"]
[EventCountry "CZE"]
[TimeControl "240+2"]

{16MB, Fritz8.ctg, SACHY-67D9C7985} 1. e4 Nf6 2. e5 Nd5 3. Nc3
Nxc3 4. bxc3 d6 5. f4 dxe5 6. fxe5 e6 7. Nf3 Be7 8. d4 Bd7 9. Bd3 Bh4+ 10. g3
Be7 11. O-O Bc6 12. Be3 Nd7 13. c4 Nb6 14. c3 g5 15. Qd2 h6 16. Qf2 O-O 17.
Rae1 f5 18. exf6 Rxf6 19. Qe2 Bxf3 20. Rxf3 Qf8 21. Rxf6 Bxf6 22. Bf2 Qf7 23.
Be4 c6 24. Bf3 Rf8 25. Bh5 Qe7 26. Bg4 Re8 27. c5 Nd5 28. Qxe6+ Kg7 29. c4 Qxe6
30. Rxe6 Rxe6 31. Bxe6 Nc3 32. d5 Nxa2 33. Bc8 b5 34. cxb5 cxb5 35. Ba6 Nb4 36.
Bb7 a5 37. Bc6 a4 38. Bxb5 a3 39. Bc4 a2 40. Bxa2 Nxa2 41. c6 Be5 42. Kg2 Kf7
43. Kf3 Ke8 44. Ke4 Bd6 45. Kf5 Ke7 46. Be1 Nb4 47. Bxb4 Bxb4 48. Kg6 Kd6 49.
Kxh6 Bd2 50. Kg6 Be3 51. Kf5 Bb6 52. Kxg5 Kxd5 53. Kf6 Kxc6 54. g4 Kd7 55. Kf7
Bd8 56. Kg6 Ke8 57. Kh7 1/2-1/2

[Event "Jiraskuv memorial A"]
[Site "Rakovnik"]
[Date "2011.08.07"]
[Round "3"]
[White "Pliva, Vojtech"]
[Black "Stransky, Vojtech"]
[Result "1-0"]
[ECO "D11"]
[WhiteElo "2066"]
[BlackElo "1843"]
[PlyCount "33"]
[EventDate "2011.08.??"]
[EventType "swiss"]
[EventRounds "9"]
[EventCountry "CZE"]
[TimeControl "240+2"]

{1056MB, Fritz8.ctg} 1. d4 d5 2. Nf3 Nf6 3. c4 c6 4. Nbd2 e6 5. Qc2 Be7 6. g3
O-O 7. Bg2 dxc4 8. Nxc4 b5 9. Nce5 Bb7 10. O-O a5 11. Rd1 Qb6 12. Ng5 h6 13.
Ngxf7 Rxf7 14. Qg6 Rf8 15. Bxh6 Ne8 16. Qxe6+ Kh7 17. Be4+ 1-0

[Event "Jiraskuv memorial A"]
[Site "Rakovnik"]
[Date "2011.08.07"]
[Round "3"]
[White "Vykouk, Jan"]
[Black "Zboril, Jaroslav"]
[Result "0-1"]
[ECO "B07"]
[WhiteElo "1792"]
[BlackElo "1989"]
[PlyCount "44"]
[EventDate "2011.08.??"]
[EventType "swiss"]
[EventRounds "9"]
[EventCountry "CZE"]
[TimeControl "240+2"]

{1056MB, Fritz8.ctg} 1. e4 d6 2. d4 Nf6 3. Nc3 Nbd7 4. f4 e5 5. fxe5 dxe5 6. d5
Bc5 7. Bd3 c6 8. dxc6 bxc6 9. h3 O-O 10. Nf3 Nh5 11. Bg5 f6 12. Bh4 Nf4 13. Qd2
Qa5 14. a3 Be3 15. Bc4+ Kh8 16. Qd6 Nxg2+ 17. Kf1 Bc5 18. Qxc6 Ne3+ 19. Ke2
Nxc4 20. Qxa8 Nxb2 21. Kd2 Na4 22. Qc6 Qxc3+ 0-1

[Event "Jiraskuv memorial A"]
[Site "Rakovnik"]
[Date "2011.08.07"]
[Round "3"]
[White "Kovar, Jan"]
[Black "Pokorny, Petr"]
[Result "1/2-1/2"]
[ECO "D31"]
[WhiteElo "2002"]
[BlackElo "2260"]
[PlyCount "40"]
[EventDate "2011.08.??"]
[EventType "swiss"]
[EventRounds "9"]
[EventCountry "CZE"]
[TimeControl "240+2"]

{1056MB, Fritz8.ctg} 1. d4 d5 2. Nf3 c6 3. c4 e6 4. Nc3 dxc4 5. a4 Bb4 6. e3 b5
7. Be2 Bb7 8. O-O a6 9. Qc2 Nd7 10. Bd2 Bd6 11. Ne4 Be7 12. Ng3 h5 13. Ne5 h4
14. Nh5 Nxe5 15. dxe5 g6 16. Nf4 Kf8 17. Rad1 Kg7 18. Bg4 Qe8 19. Ba5 Bc8 20.
Rd2 Nh6 1/2-1/2

[Event "Jiraskuv memorial A"]
[Site "Rakovnik"]
[Date "2011.08.07"]
[Round "3"]
[White "Bauer, Pavel"]
[Black "Jirkovsky, Tomas"]
[Result "0-1"]
[ECO "A16"]
[WhiteElo "1876"]
[BlackElo "2073"]
[PlyCount "60"]
[EventDate "2011.08.??"]
[EventType "swiss"]
[EventRounds "9"]
[EventCountry "CZE"]
[TimeControl "240+2"]

{1056MB, Fritz8.ctg} 1. c4 Nf6 2. Nc3 g6 3. g3 Bg7 4. Bg2 O-O 5. e3 d6 6. d4 c6
7. Nge2 Nbd7 8. O-O e5 9. b3 Ng4 10. Ba3 exd4 11. exd4 Qc7 12. Rc1 f5 13. Nf4
Ndf6 14. d5 Rd8 15. Re1 Ne5 16. Nd3 Nfg4 17. h3 Nxd3 18. Qxd3 Nf6 19. Rc2 a6
20. Rce2 Bf8 21. Bb2 Kf7 22. Bc1 Bd7 23. Bg5 Re8 24. Bxf6 Kxf6 25. Rxe8 Rxe8
26. Rxe8 Bxe8 27. Qd4+ Kf7 28. Qh8 Bg7 29. Qxh7 Qa5 30. Ne2 Qe1+ 0-1

[Event "Jiraskuv memorial A"]
[Site "Rakovnik"]
[Date "2011.08.07"]
[Round "3"]
[White "Kotrba, Matej"]
[Black "Elias, Miroslav"]
[Result "0-1"]
[ECO "C27"]
[WhiteElo "1949"]
[BlackElo "2121"]
[PlyCount "60"]
[EventDate "2011.08.??"]
[EventType "swiss"]
[EventRounds "9"]
[EventCountry "CZE"]
[TimeControl "240+2"]

{1056MB, Fritz8.ctg} 1. e4 e5 2. Bc4 Nf6 3. Nc3 Nxe4 4. Qh5 Nd6 5. Bb3 Nc6 6.
Nb5 g6 7. Qf3 f5 8. Qd5 Qe7 9. Nxc7+ Kd8 10. Nxa8 b6 11. d3 Bb7 12. Qf3 Bxa8
13. Ne2 Bg7 14. Nc3 Bb7 15. Bd2 a5 16. Nd5 Nd4 17. Qd1 Qh4 18. c3 Ne6 19. Be3
a4 20. Bxb6+ Ke8 21. Bc4 Nxc4 22. dxc4 Qxc4 23. Ne3 Qc6 24. Ba5 f4 25. Nd5 Qxd5
26. Qxa4 Nc5 27. Qc2 Nd3+ 28. Kf1 Qxg2+ 29. Ke2 Qf3+ 30. Kd2 Qxf2+ 0-1

[Event "Jiraskuv memorial A"]
[Site "Rakovnik"]
[Date "2011.08.07"]
[Round "3"]
[White "Klakurka, Stanislav"]
[Black "Hruska, Jan"]
[Result "1/2-1/2"]
[ECO "D46"]
[WhiteElo "1939"]
[BlackElo "2048"]
[PlyCount "68"]
[EventDate "2011.08.??"]
[EventType "swiss"]
[EventRounds "9"]
[EventCountry "CZE"]
[TimeControl "240+2"]

{1056MB, Fritz8.ctg} 1. d4 d5 2. Nf3 Nf6 3. c4 e6 4. Nc3 c6 5. e3 Bd6 6. Bd3
Nbd7 7. O-O O-O 8. e4 dxe4 9. Nxe4 Nxe4 10. Bxe4 h6 11. b3 f5 12. Bc2 e5 13.
dxe5 Nxe5 14. Bb2 Qc7 15. Nxe5 Bxe5 16. Bxe5 Qxe5 17. Re1 Qf6 18. Qe2 Bd7 19.
Qe5 b6 20. Qxf6 Rxf6 21. Rad1 Re8 22. Rxe8+ Bxe8 23. f4 c5 24. Kf2 Kf7 25. h4
g6 26. Rd2 Re6 27. Bd1 Kf6 28. Bf3 g5 29. hxg5+ hxg5 30. g3 gxf4 31. gxf4 Re7
32. Rd6+ Re6 33. Rd1 Re7 34. Rd6+ Re6 1/2-1/2

[Event "Jiraskuv memorial A"]
[Site "Rakovnik"]
[Date "2011.08.07"]
[Round "3"]
[White "Trnka, Miroslav"]
[Black "Kozak, Milos"]
[Result "0-1"]
[ECO "E12"]
[WhiteElo "2012"]
[BlackElo "2232"]
[PlyCount "98"]
[EventDate "2011.08.??"]
[EventType "swiss"]
[EventRounds "9"]
[EventCountry "CZE"]
[TimeControl "240+2"]

{1056MB, Fritz8.ctg} 1. d4 Nf6 2. c4 e6 3. Nf3 b6 4. Bg5 h6 5. Bh4 Bb4+ 6. Nbd2
g5 7. Bg3 g4 8. Ne5 Ne4 9. Bf4 Qf6 10. Nd3 Bxd2+ 11. Bxd2 Nxd2 12. Qxd2 Qxd4
13. Rc1 Bb7 14. h3 g3 15. fxg3 d6 16. Qf4 Qg7 17. e4 Nd7 18. Be2 Qd4 19. Qf2
Qxf2+ 20. Nxf2 h5 21. O-O Ke7 22. Kh2 a5 23. b3 Rag8 24. Rce1 Rg5 25. g4 hxg4
26. Bxg4 Ne5 27. Bf3 Rhg8 28. Ng4 Nxg4+ 29. Bxg4 Rxg4 30. hxg4 Rxg4 31. g3 Rxe4
32. Rxe4 Bxe4 33. g4 e5 34. g5 c6 35. Kg3 Bg6 36. Rh1 d5 37. Rh8 Kd6 38. cxd5
cxd5 39. Kf3 d4 40. Rd8+ Kc5 41. a3 e4+ 42. Ke2 Bf5 43. Re8 Kd5 44. Rb8 Bg4+
45. Kd2 e3+ 46. Kd3 Bf5+ 47. Ke2 Ke4 48. Rh8 d3+ 49. Kf1 d2 0-1

[Event "Jiraskuv memorial A"]
[Site "Rakovnik"]
[Date "2011.08.07"]
[Round "3"]
[White "Hinz, Frantisek"]
[Black "Sibl, Vaclav"]
[Result "1-0"]
[ECO "A41"]
[WhiteElo "2015"]
[BlackElo "1975"]
[PlyCount "129"]
[EventDate "2011.08.??"]
[EventType "swiss"]
[EventRounds "9"]
[EventCountry "CZE"]
[TimeControl "240+2"]

{1056MB, Fritz8.ctg} 1. d4 d6 2. Nf3 Bg4 3. c4 Nd7 4. Nbd2 Ngf6 5. h3 Bh5 6. g4
Bg6 7. Nh4 e5 8. Nxg6 hxg6 9. e3 c6 10. Bg2 Qc7 11. b4 a5 12. b5 c5 13. dxe5
dxe5 14. g5 Nh5 15. Qg4 Rb8 16. Ne4 Be7 17. Nc3 Nb6 18. Nd5 Nxd5 19. Bxd5 O-O
20. O-O Qc8 21. Qg2 b6 22. Bb2 Bd6 23. Rad1 Bc7 24. Rd2 Qf5 25. Be4 Qe6 26. Bd5
Qf5 27. Qg4 Rbd8 28. Rfd1 Kh7 29. Be4 Qxg4+ 30. hxg4 f5 31. gxh5 fxe4 32. Rxd8
Bxd8 33. Bxe5 Bxg5 34. hxg6+ Kxg6 35. Bc7 Rf6 36. Rd8 Bh4 37. Rd2 Re6 38. Kg2
Kf5 39. Kh3 Be7 40. Rd5+ Kf6 41. Kg4 g6 42. Kf4 Kf7 43. Be5 Bh4 44. Rd2 Bf6 45.
Bxf6 Kxf6 46. Rd5 Kf7 47. Re5 Rf6+ 48. Kxe4 Rxf2 49. Kd5 Rxa2 50. Kc6 a4 51.
Kxb6 a3 52. Rxc5 Rc2 53. Rc7+ Kf6 54. c5 g5 55. Ra7 a2 56. c6 g4 57. c7 g3 58.
Rxa2 Rxa2 59. c8=Q g2 60. Qg4 Ke5 61. Kb7 Kd6 62. b6 Kc5 63. Kc7 Kb5 64. b7
Rc2+ 65. Kd7 1-0

[Event "Jiraskuv memorial A"]
[Site "Rakovnik"]
[Date "2011.08.07"]
[Round "3"]
[White "Svarc, Roman"]
[Black "Masek, Jan"]
[Result "0-1"]
[ECO "A29"]
[WhiteElo "2125"]
[BlackElo "1966"]
[PlyCount "84"]
[EventDate "2011.08.??"]
[EventType "swiss"]
[EventRounds "9"]
[EventCountry "CZE"]
[TimeControl "240+2"]

{1056MB, Fritz8.ctg} 1. c4 Nf6 2. Nc3 e5 3. Nf3 Nc6 4. g3 Bb4 5. Qc2 O-O 6. Bg2
Re8 7. O-O Nd4 8. Nxd4 exd4 9. Nb5 Bc5 10. e3 a6 11. Nxd4 Bxd4 12. exd4 d5 13.
b3 dxc4 14. bxc4 Qxd4 15. Bb2 Qb6 16. Rfe1 Bf5 17. Qc3 c5 18. h3 Rad8 19. g4
Bg6 20. f4 Rd3 21. Rxe8+ Nxe8 22. Qe5 f6 23. Bd5+ Kf8 24. Qe2 Qxb2 25. Re1 Rxd5
26. Qe7+ Kg8 27. cxd5 Qd4+ 28. Re3 Qxd5 29. Qe6+ Qxe6 30. Rxe6 Kf8 31. f5 Bf7
32. Rb6 Bd5 33. a3 Ke7 34. Kf2 Nd6 35. d3 Nb5 36. a4 Kd7 37. h4 Kc7 38. a5 Bc6
39. Ke3 Kd6 40. Kf4 Kd5 41. g5 Kd4 42. h5 h6 0-1

[Event "Jiraskuv memorial A"]
[Site "Rakovnik"]
[Date "2011.08.07"]
[Round "3"]
[White "Urban, Tomas"]
[Black "Hlavac, Rudolf"]
[Result "0-1"]
[ECO "D76"]
[WhiteElo "1822"]
[BlackElo "2064"]
[PlyCount "54"]
[EventDate "2011.08.??"]
[EventType "swiss"]
[EventRounds "9"]
[EventCountry "CZE"]
[TimeControl "180"]

{24MB, Fritz8.ctg, sach1} 1. d4 Nf6 2. Nf3 g6 3. g3 Bg7 4. Bg2 d5 5. c4 O-O 6.
cxd5 Nxd5 7. O-O Nb6 8. Na3 Nc6 9. Nc2 Bf5 10. Re1 Be4 11. e3 Qd5 12. Nh4 Bxg2
13. Nxg2 f5 14. Nf4 Qf7 15. a4 Rad8 16. Ra3 e5 17. Ne2 Nc4 18. Rc3 e4 19. Nf4
N6e5 20. Re2 Nf3+ 21. Kh1 g5 22. Ng2 Qh5 23. Nh4 Nce5 24. Ne1 gxh4 25. Qb3+ Nf7
26. Rxc7 Nxh2 27. Rec2 hxg3 0-1

[Event "Jiraskuv memorial A"]
[Site "Rakovnik"]
[Date "2011.08.07"]
[Round "3"]
[White "Volek, Radomir"]
[Black "Cap, Adam"]
[Result "1-0"]
[ECO "C90"]
[WhiteElo "2084"]
[BlackElo "1924"]
[PlyCount "59"]
[EventDate "2011.08.??"]
[EventType "swiss"]
[EventRounds "9"]
[EventCountry "CZE"]
[TimeControl "180"]

{24MB, Fritz8.ctg, sach1} 1. e4 e5 2. Nf3 Nc6 3. Bb5 a6 4. Ba4 Nf6 5. O-O b5 6.
Bb3 Be7 7. Re1 d6 8. c3 Na5 9. Bc2 c5 10. d4 Qc7 11. d5 O-O 12. Nbd2 Re8 13. b3
c4 14. b4 Nb7 15. a4 bxa4 16. Qe2 Bd7 17. Nxc4 Rec8 18. Bd3 a5 19. Be3 axb4 20.
cxb4 Ng4 21. Nb6 Nxe3 22. Qxe3 Bd8 23. Nxc8 Qxc8 24. Rec1 Qb8 25. Qe2 Bb6 26.
Bb5 Bc8 27. Rxa4 Rxa4 28. Bxa4 Nd8 29. Qb5 h6 30. h3 1-0

[Event "Jiraskuv memorial A"]
[Site "Rakovnik"]
[Date "2011.08.07"]
[Round "3"]
[White "Janda, Pavel"]
[Black "Krasny, Drahomir"]
[Result "0-1"]
[ECO "A11"]
[WhiteElo "2011"]
[BlackElo "1897"]
[PlyCount "62"]
[EventDate "2011.08.??"]
[EventType "swiss"]
[EventRounds "9"]
[EventCountry "CZE"]
[TimeControl "180"]

{24MB, Fritz8.ctg, sach1} 1. Nf3 d5 2. c4 c6 3. b3 Nf6 4. Bb2 g6 5. g3 Bg7 6.
Bg2 O-O 7. d4 Bf5 8. Nc3 Nbd7 9. Nh4 Be6 10. c5 Rb8 11. b4 b6 12. Qd2 bxc5 13.
bxc5 Qc7 14. O-O Rb7 15. Rab1 Rfb8 16. Ba1 Rxb1 17. Rxb1 Ne4 18. Rxb8+ Qxb8 19.
Bxe4 dxe4 20. e3 Bc4 21. Ng2 e5 22. Ne1 exd4 23. exd4 Qe8 24. Nc2 Bd3 25. Ne2
Qb8 26. Na3 Nxc5 27. Nf4 Qd8 28. Nxd3 Nxd3 29. Nc2 Qb6 30. f3 Qb1+ 31. Kg2 Qxc2
0-1

[Event "Jiraskuv memorial A"]
[Site "Rakovnik"]
[Date "2011.08.07"]
[Round "3"]
[White "Novak, Jindrich"]
[Black "Slanec, Jan"]
[Result "0-1"]
[ECO "A00"]
[WhiteElo "2059"]
[BlackElo "1913"]
[PlyCount "68"]
[EventDate "2011.08.??"]
[EventType "swiss"]
[EventRounds "9"]
[EventCountry "CZE"]
[TimeControl "240+2"]

{16MB, Fritz8.ctg, SACHY-67D9C7985} 1. d3 f5 2. e4 d6 3. Bg5 Nf6 4. Nc3 g6 5.
Bxf6 exf6 6. f4 Bg7 7. Nf3 O-O 8. Qd2 a6 9. Nd4 Re8 10. O-O-O c5 11. Nf3 b5 12.
exf5 Bxf5 13. Be2 d5 14. Nh4 Be6 15. f5 Bf7 16. Rhe1 Nc6 17. Nb1 Nb4 18. b3
Nxa2+ 19. Kb2 Nb4 20. d4 Bf8 21. c3 Nc6 22. fxg6 hxg6 23. dxc5 f5 24. Nf3 Bxc5
25. Nd4 Nxd4 26. cxd4 Qf6 27. g4 Re4 28. gxf5 Rxd4 29. Qc3 b4 30. Qxd4 Bxd4+
31. Ka2 Qb6 32. Nd2 Qa5+ 33. Kb1 Qa1+ 34. Kc2 Qb2+ 0-1

[Event "Jiraskuv memorial A"]
[Site "Rakovnik"]
[Date "2011.08.07"]
[Round "3"]
[White "Ondrejat, Miroslav"]
[Black "Haman, Jakub"]
[Result "0-1"]
[ECO "E14"]
[WhiteElo "2048"]
[BlackElo "2146"]
[PlyCount "82"]
[EventDate "2011.08.??"]
[EventType "swiss"]
[EventRounds "9"]
[EventCountry "CZE"]
[TimeControl "240+2"]

{16MB, Fritz8.ctg, SACHY-67D9C7985} 1. c4 Nf6 2. Nc3 b6 3. Nf3 Bb7 4. d4 e6 5.
e3 Be7 6. Bd3 d6 7. O-O Nbd7 8. Re1 c5 9. e4 cxd4 10. Nxd4 a6 11. Be3 O-O 12.
Rc1 Qc7 13. b3 Kh8 14. Bb1 Rg8 15. f4 Rad8 16. Bf2 Qb8 17. Qc2 g6 18. Nf3 Nh5
19. g3 Ng7 20. Qe2 Ba8 21. h4 Qb7 22. Bd4 Bf6 23. Kh2 Bxd4 24. Nxd4 f5 25. Rg1
Nf6 26. e5 dxe5 27. Nxe6 Ng4+ 28. Kh3 Nxe6 29. fxe5 Nd4 30. Qb2 Nf3 31. Rgd1
Nfxe5 32. Nd5 b5 33. Re1 Qg7 34. Nf4 Nf3 35. Qxg7+ Rxg7 36. Re6 Rd2 37. Ne2 Nd4
38. cxb5 Rxe2 39. Rxe2 Nxe2 40. Re1 Re7 41. Rd1 Nf2+ 0-1

[Event "Jiraskuv memorial A"]
[Site "Rakovnik"]
[Date "2011.08.07"]
[Round "3"]
[White "Bartos, Jan"]
[Black "Rozsafny, Michal"]
[Result "1-0"]
[ECO "D47"]
[WhiteElo "2215"]
[BlackElo "1943"]
[PlyCount "71"]
[EventDate "2011.08.??"]
[EventType "swiss"]
[EventRounds "9"]
[EventCountry "CZE"]
[TimeControl "240+2"]

{16MB, Fritz8.ctg, SACHY-67D9C7985} 1. d4 d5 2. c4 c6 3. e3 Nf6 4. Nc3 e6 5.
Nf3 Nbd7 6. Bd3 dxc4 7. Bxc4 b5 8. Be2 Bb7 9. O-O Be7 10. a3 O-O 11. e4 a6 12.
e5 Nd5 13. Nxd5 cxd5 14. Bd3 f5 15. exf6 Bxf6 16. Re1 Qb6 17. Be3 Qd6 18. Bd2
Rfe8 19. Bc3 Rac8 20. Ne5 Bxe5 21. dxe5 Qb6 22. Bd4 Qd8 23. Qh5 Nf8 24. b4 g6
25. Qg4 Qe7 26. h4 Qg7 27. Re3 Re7 28. Rg3 Bc6 29. Rc1 Bd7 30. Rxc8 Bxc8 31. h5
Kf7 32. Bc5 Re8 33. Bxf8 Kxf8 34. hxg6 hxg6 35. Bxg6 Re7 36. Qh5 1-0